AoeStats
← ale90

Arena

509828266Analyzed
1v1 RM · 3d ago on Sep 28, 2026· 57m 58s· 2 players
Game mode
Random Map
Map size
Tiny (2 player)
Population
200
Speed
Normal
Resources
Standard
Victory
Conquest
Starting age
Dark Age
Ending age
Imperial Age
RankedLock teamsTeams togetherTeam positionsShared explorationLock speedFull tech treeHidden civsTurbo modeCheats
Victory
Defeat
🇧🇪 Dravidians · Belgium
707
+14
🇦🇷 Vietnamese · Argentina
659
-14
ale90
3:22 Loom
10:23 Feudal Age
13:31 Town Watch
14:08 Double-Bit Axe
16:49 Gold Mining
19:29 Castle Age
17:48 Scale Mail Armor
17:44 Fletching
17:30 Man-at-Arms
18:16 Scale Mail Armor
18:20 Padded Archer Armor
18:22 Horse Collar
19:12 Stone Mining
20:06 Scale Mail Armor
20:18 Forging
21:54 Bow Saw
21:48 Heavy Plow
24:08 Wheelbarrow
24:21 Stone Shaft Mining
27:31 Hand Cart
28:03 Town Patrol
29:30 Fortified Wall
29:08 Treadmill Crane
33:29 Imperial Age
31:10 Husbandry
31:59 Iron Casting
31:10 Pikeman
32:16 Ballistics
31:53 Murder Holes
32:24 Scale Barding Armor
34:38 Paper Money
35:44 Chemistry
35:09 Bloodlines
36:00 Hoardings
36:14 Squires
36:14 Arson
38:08 Guilds
37:46 Elite Rattan Archer
38:28 Bodkin Arrow
38:49 Leather Archer Armor
38:42 Thumb Ring
38:04 Long Swordsman
38:24 Cavalier
40:50 Bombard Tower
40:36 Siege Engineers
40:42 Masonry
40:20 Arrowslits
41:05 Chatras
42:46 Two-Handed Swordsman
44:31 Chain Barding Armor
45:18 Elite Battle Elephant
46:18 Block Printing
49:01 Illumination
50:02 Bracer
50:33 Ring Archer Armor
50:39 Plate Barding Armor
50:20 Chain Mail Armor
52:53 Halberdier
56:14 Plate Mail Armor
SuperZèbre
0:30 Loom
13:04 Feudal Age
19:35 Castle Age
22:28 Horse Collar
22:41 Double-Bit Axe
26:56 Bow Saw
26:52 Heavy Plow
28:45 Stone Mining
28:46 Gold Mining
29:24 Husbandry
33:13 Imperial Age
31:32 Wheelbarrow
30:44 Town Watch
33:05 Ballistics
32:09 Elite Skirmisher
33:32 Scale Mail Armor
33:44 Forging
33:35 Padded Archer Armor
33:26 Fletching
34:18 Hand Cart
34:37 Conscription
36:07 Chain Mail Armor
36:28 Iron Casting
36:02 Squires
35:48 Arson
35:49 Gambesons
36:44 Wootz Steel
35:54 Man-at-Arms
35:55 Pikeman
37:48 Two-Man Saw
37:58 Chemistry
36:55 Murder Holes
36:54 Elite Urumi Swordsman
38:12 Medical Corps
38:38 Halberdier
39:47 Leather Archer Armor
39:28 Bodkin Arrow
40:59 Siege Elephant
43:14 Elite Elephant Archer
48:01 Plate Mail Armor
48:32 Blast Furnace
47:33 Bracer
48:04 Ring Archer Armor
47:41 Scale Barding Armor
Connection lost

Rejoining the realm…

Still unreachable

The connection could not be restored.

Session expired

The server has moved on; the page needs a fresh start.